Freak's favorite version's of Zest's Gladept build
| 12 | 0:00 | | |
| 13 | 0:13 | | |
| 14 | 0:17 | | Chrono @100% |
| 14 | 0:25 | | |
| 15 | 0:37 | | |
| 15 | 0:38 | | |
| 16 | 0:44 | | |
| 16 | 0:48 | | |
| 17 | 0:52 | | |
| 18 | 1:04 | | |
| 19 | 1:21 | | |
| 19 | 1:28 | | |
| 20 | 1:35 | | |
| 20 | 1:40 | | |
| 21 | 1:45 | | |
| 21 | 1:52 | | |
| 22 | 1:54 | | |
| 23 | 2:09 | | |
| 23 | 2:12 | | |
| 27 | 2:30 | | With 27th probe, 2 probes per gaz |
| 28 | 2:38 | | @100% Adept, then 2x chrono Nexus |
| 33 | 2:53 | | Pause probe production @ 31 |
| 35 | 3:07 | | |
| 37 | 3:17 | | |
| 37 | 3:25 | | Remove 1 probe gaaz (Total 3 mining) and resumes probe production |
| 37 | 3:33 | | |
| 39 | 3:39 | | |
| 39 | 3:47 | | |
| 43 | 3:56 | | |
| 43 | 3:58 | | |
| 45 | 4:12 | | Fill up gaz mining |
| 51 | 4:28 | | Pause probes @39, chrono Twilight |
| 51 | 4:35 | | @Enemy base |
| 59 | 4:57 | | Hit @4:50 with 8x adepts and makes Pylons |
| 65 | 5:17 | | Resume probes & 4th gaz |
| 69 | 5:23 | | |
| 69 | 5:24 | | |
| 75 | 5:36 | | |
| 76 | 5:50 | | |
| 77 | 5:52 | | Obs first |
| 81 | 6:01 | | |
| 83 | 6:10 | | |
| 86 | 6:22 | | |
| 85 | 6:28 | | |
| 91 | 6:42 | | |
| 91 | 6:53 | | |
| 93 | 6:58 | | |
| 101 | 7:07 | | |
| 103 | 7:14 | | |
| 107 | 7:15 | | |
| 107 | 7:18 | | |
| 107 | 7:21 | | |
| 114 | 7:30 | | |
| 120 | 7:44 | | |
| 123 | 7:48 | | |
| 128 | 7:54 | | |
| 128 | 7:55 | | |
| 133 | 7:58 | | |
| 133 | 8:20 | | |
| 137 | 8:28 | | |
| 145 | 8:37 | | |
| 165 | 9:03 | |
